 Dungeon Crawl Stone Soup version 0.20.0-15-g7f486f2 (webtiles) character file.

20207 vishdafish the Grappler (level 12, -3/122 HPs)
             Began as a Troll Monk on July 1, 2017.
             Was an Elder of Cheibriados.
             Slain by a seven-headed hydra (7 damage)
             ... on level 13 of the Dungeon.
             The game lasted 00:27:45 (11194 turns).

vishdafish the Grappler (Troll Monk)               Turns: 11194, Time: 00:27:45

Health: -3/122     AC:  8    Str: 34    XL:     12   Next: 43%
Magic:  6/16       EV: 16    Int: 18    God:    Cheibriados [****..]
Gold:   461        SH:  2    Dex: 22    Spells: 9/15 levels left

rFire    . . .     SeeInvis +     - Unarmed
rCold    . . .     Gourm    +   (no shield)
rNeg     . . .     Faith    .   Y - +0 troll leather armour
rPois    +         Spirit   .   (helmet restricted)
rElec    .         Reflect  +   k - +0 cloak
rCorr    .         Harm     .   (gloves unavailable)
MR       .....                  (boots unavailable)
Stlth    ++........             Q - +2 amulet of reflection
Regen    1.1/turn               t - ring of see invisible
MPRegen  0.2/turn               l - ring of poison resistance

@: very slow
A: unfitting armour, claws 3, fast metabolism 3, gourmand, regeneration 1,
shaggy fur 1, tough skin 2
a: Bend Time, Temporal Distortion, Slouch, Renounce Religion


You were on level 13 of the Dungeon.
You worshipped Cheibriados.
Cheibriados was greatly pleased with you.
You were not hungry.

You visited 2 branches of the dungeon, and saw 14 of its levels.

You collected 623 gold pieces.
You spent 162 gold pieces at shops.

Inventory:

Hand Weapons
 C - the +2 rapier of Change {venom, rF+}
   (You found it on level 7 of the Dungeon)

   It poisons the flesh of those it strikes.
   It protects you from fire.
Armour
 k - a +0 cloak (worn)
 Y - a +0 troll leather armour (worn)
Jewellery
 l - a ring of poison resistance (right claw)
 t - a ring of see invisible (left claw)
 A - an uncursed ring of flight
 K - a cursed -3 ring of intelligence {unknown}
 M - a cursed -3 ring of evasion {unknown}
 O - a +3 ring of protection {unknown}
 Q - a +2 amulet of reflection (around neck)
Wands
 D - a wand of iceblast (2/15)
 T - a wand of acid (0/15)
 U - a wand of paralysis (14/24)
 W - a wand of iceblast (4/15)
 X - a wand of polymorph (12/24)
Scrolls
 d - 2 scrolls of recharging
 e - a scroll of fog
 f - a scroll of blinking
 g - 7 scrolls of teleportation
 j - 5 scrolls of remove curse
 m - a scroll of fear
 o - 4 scrolls of amnesia
 y - a scroll of magic mapping
 F - a scroll of enchant armour
 G - a scroll of vulnerability
 N - a scroll of torment {unknown}
Potions
 h - 3 potions of curing
 i - a potion of lignification {unknown}
 n - 4 potions of flight
 p - 3 potions of brilliance
 r - 2 potions of ambrosia {unknown}
 s - 3 potions of heal wounds
 u - 5 potions of haste {unknown}
 v - 3 potions of agility {unknown}
 x - a potion of berserk rage
 z - a potion of invisibility {unknown}
 E - a potion of magic {unknown}
 P - 2 potions of degeneration {unknown}
Books
 q - a book of Callings

   Spells                             Type                      Level
   a - Summon Small Mammal            Summoning                    1
   b - Call Imp                       Summoning                    2
   c - Call Canine Familiar           Summoning                    3
   d - Summon Guardian Golem          Hexes/Summoning              3
   e - Summon Lightning Spire         Summoning/Air                4
   f - Summon Ice Beast               Ice/Summoning                4
 H - a book of Maledictions

   Spells                             Type                      Level
   a - Corona                         Hexes                        1
   b - Ensorcelled Hibernation        Hexes/Ice                    2
   c - Confuse                        Hexes                        3
   d - Tukima's Dance                 Hexes                        3
   e - Dazzling Spray                 Conjuration/Hexes            3
 I - a book of Changes

   Spells                             Type                      Level
   a - Beastly Appendage              Transmutation                1
   b - Sticks to Snakes               Transmutation                2
   c - Spider Form                    Transmutation/Poison         3
   d - Ice Form                       Ice/Transmutation            4
   e - Blade Hands                    Transmutation                5
 J - a book of Frost

   Spells                             Type                      Level
   a - Freeze                         Ice                          1
   b - Throw Frost                    Conjuration/Ice              2
   c - Ozocubu's Armour               Charms/Ice                   3
   d - Throw Icicle                   Conjuration/Ice              4
   e - Summon Ice Beast               Ice/Summoning                4
 V - a book of Battle

   Spells                             Type                      Level
   a - Infusion                       Charms                       1
   b - Shroud of Golubria             Charms/Translocation         2
   c - Song of Slaying                Charms                       2
   d - Spectral Weapon                Hexes/Charms                 3
   e - Regeneration                   Charms/Necromancy            3
Comestibles
 b - 9 bread rations
 S - 2 meat rations


   Skills:
 + Level 8.4 Fighting
 + Level 8.3 Dodging
 - Level 1.0 Stealth
 * Level 13.2 Unarmed Combat
 * Level 2.2 Spellcasting
 * Level 7.5 Invocations


You had 9 spell levels left.
You knew the following spells:

 Your Spells              Type           Power        Failure   Level  Hunger
a - Ozocubu's Armour      Chrm/Ice       #.......     52%         3    ###....
b - Regeneration          Chrm/Necr      #.........   52%         3    ###....


Dungeon Overview and Level Annotations

Branches:
Dungeon (13/15)            Temple (1/1) D:7            Lair (0/6) D:11
    Orc (0/2) D:11
 Vaults: D:13-14

Altars:
Ashenzari
Cheibriados
Elyvilon
Gozag
Kikubaaqudgha
Nemelex Xobeh
Ru
Sif Muna
Trog
Uskayaw
Vehumet
Zin
The Shining One

Shops:
D:4 ?   D:7 }   D:8 *   D:9 =   D:10 *   D:13 !=(

Annotations:
D:12 Nessos


Innate Abilities, Weirdness & Mutations

You are too large for most types of armour.
You have claws for hands.
Your metabolism is lightning-fast.
You like to eat raw meat.
Your natural rate of healing is unusually fast.
You are covered in fur. (AC +1)
You have very tough skin. (AC +2)


Message History

You can feel time thicken for a moment.
You feel somewhat less full.
Cheibriados lowers the support of your attributes as your movement quickens.
The seven-headed hydra bites you.
The seven-headed hydra completely misses you.
The seven-headed hydra bites you but does no damage.
The seven-headed hydra misses you. x2; The seven-headed hydra bites you!
* * * LOW HITPOINT WARNING * * *
The seven-headed hydra bites you.
* * * LOW HITPOINT WARNING * * *
You can feel time thicken for a moment.
You can no longer step out of the time flow.
Cheibriados lowers the support of your attributes as your movement quickens.
The seven-headed hydra misses you. The seven-headed hydra bites you!
* * * LOW HITPOINT WARNING * * *
The seven-headed hydra bites you.
* * * LOW HITPOINT WARNING * * *
The seven-headed hydra bites you!
* * * LOW HITPOINT WARNING * * *
The seven-headed hydra bites you!
You die...

############
#..........# ###
#..........# ..#
#.....∩....## 8.#####
#.......<@D.##...<..#
#...........8.∩.8..)#
####...................#
#.............###8?....#
..##..........# ......#
#........∩.# ####)##
#..........# #
############


You could see a seven-headed hydra.

Vanquished Creatures
  The ghost of Baril the Eclecticist, a journeyman DESu of Vehumet (D:12)
  A hydra (D:11)
  Harold (D:11)
  5 two-headed ogres
  A tengu warrior (D:11)
  2 unseen horrors (D:11)
  Pikel (D:7)
  An ugly thing (D:12)
  The ghost of Setanta the Cudgeler, a novice OgBe of Trog (D:5)
  Maurice (D:9)
  2 tengu conjurers
  A komodo dragon (D:12)
  3 trolls
  The ghost of vishdafish the Shield-Bearer, an amateur FoFi (D:4)
  Prince Ribbit (D:7)
  A wyvern (D:9)
  A water elemental (D:11)
  13 yaks
  Eustachio (D:5)
  A hungry ghost (D:8)
  3 vampire mosquitoes (D:12)
  Menkaure (D:6)
  A steam dragon (D:12)
  Edmund (D:5)
  A soldier ant (D:12)
  An acid dragon (D:12)
  Duvessa (D:7)
  2 water moccasins (D:11)
  10 orc warriors
  An ice beast (D:9)
  A slave (D:7)
  4 black bears
  A hornet zombie (D:8)
  A necrophage (D:12)
  A phantom (D:4)
  13 ogres
  7 centaurs
  A big kobold (D:11)
  7 bullfrogs
  A water moccasin zombie (D:10)
  A water moccasin skeleton (D:8)
  Dowan (D:7)
  2 scorpions
  2 electric eels (D:11)
  2 howler monkeys
  5 crimson imps
  2 bullfrog zombies
  A quasit (D:10)
  11 orc priests
  4 bullfrog skeletons
  2 centaur skeletons
  4 jellies
  9 hounds
  13 orc wizards
  Ijyb (D:4)
  Natasha (thrice) (D:3)
  6 iguanas
  7 worker ants
  A hound zombie (D:9)
  Robin (D:2)
  10 gnolls
  A howler monkey skeleton (D:8)
  9 adders
  A shadow imp (D:8)
  4 adder skeletons
  2 worms
  2 dart slugs
  5 leopard geckos
  43 orcs
  A ball python (D:3)
  7 bats
  5 giant cockroaches
  20 goblins
  6 hobgoblins
  12 jackals
  A quokka (D:2)
  2 frilled lizards
  A giant cockroach zombie (D:5)
  A jackal skeleton (D:4)
  10 kobolds
  A leopard gecko skeleton (D:6)
  4 rats
  2 plants (D:11)
327 creatures vanquished.

Vanquished Creatures (others)
  A kobold (D:11)
  A butterfly (D:7)
  2 fungi (D:11)
4 creatures vanquished.

Grand Total: 331 creatures vanquished

Notes
Turn   | Place    | Note
-------+----------+-------------------------------------------
     0 | D:1      | vishdafish the Troll Monk began the quest for the Orb.
     0 | D:1      | Reached XP level 1. HP: 22/22 MP: 0/0
   338 | D:1      | Reached XP level 2. HP: 25/29 MP: 1/1
   782 | D:2      | Reached XP level 3. HP: 36/36 MP: 2/2
   902 | D:2      | Noticed Robin
   992 | D:2      | Killed Robin
   992 | D:2      | Reached skill level 4 in Unarmed Combat
   992 | D:2      | Reached XP level 4. HP: 44/44 MP: 3/3
  1715 | D:3      | Found a deep blue altar of Sif Muna.
  1725 | D:3      | Noticed Natasha
  1736 | D:3      | Killed Natasha
  1736 | D:3      | Reached XP level 5. HP: 44/53 MP: 4/4
  1990 | D:3      | Noticed Natasha
  1995 | D:3      | Killed Natasha
  2171 | D:3      | Noticed Natasha
  2179 | D:3      | Killed Natasha
  2230 | D:4      | Reached skill level 5 in Unarmed Combat
  2288 | D:4      | Noticed Ijyb
  2321 | D:4      | Killed Ijyb
  2321 | D:4      | Reached XP level 6. HP: 61/61 MP: 5/5
  2394 | D:4      | Noticed vishdafish's ghost (amateur FoFi)
  2942 | D:4      | Killed vishdafish's ghost
  2942 | D:4      | Reached skill level 6 in Unarmed Combat
  2942 | D:4      | Reached XP level 7. HP: 26/70 MP: 6/6
  3190 | D:4      | Found Vemnorio's Magic Scroll Shoppe.
  3198 | D:4      | Bought a scroll of teleportation for 42 gold pieces
  3659 | D:5      | Entered Level 5 of the Dungeon
  3832 | D:5      | Reached skill level 7 in Unarmed Combat
  3943 | D:5      | Noticed Edmund
  3953 | D:5      | Killed Edmund
  3953 | D:5      | Reached XP level 8. HP: 59/79 MP: 7/7
  4164 | D:5      | Noticed Setanta's ghost (novice OgBe)
  4177 | D:5      | Killed Setanta's ghost
  4177 | D:5      | Reached skill level 5 in Fighting
  4177 | D:5      | Reached skill level 5 in Dodging
  4177 | D:5      | Reached skill level 8 in Unarmed Combat
  4315 | D:5      | Noticed Eustachio
  4336 | D:5      | Killed Eustachio
  4657 | D:5      | Reached XP level 9. HP: 86/88 MP: 8/8
  4790 | D:6      | Noticed Menkaure
  4793 | D:6      | Reached skill level 9 in Unarmed Combat
  4800 | D:6      | Killed Menkaure
  4880 | D:6      | Found a sparkling altar of Nemelex Xobeh.
  5587 | D:7      | Noticed Pikel
  5595 | D:7      | Killed Pikel
  5595 | D:7      | Reached skill level 10 in Unarmed Combat
  5608 | D:7      | Noticed Duvessa
  5608 | D:7      | Noticed Dowan
  5613 | D:7      | Killed Dowan
  5619 | D:7      | Killed Duvessa
  5640 | D:7      | Got an ancient rapier
  5641 | D:7      | Identified the +2 rapier of Change {venom, rF+} (You found it on level 7 of the Dungeon)
  5743 | D:7      | Found Qiebo's Gadget Emporium.
  5865 | D:7      | Noticed Prince Ribbit
  5887 | D:7      | Killed Prince Ribbit
  6253 | D:7      | Found a staircase to the Ecumenical Temple.
  6291 | Temple   | Entered the Ecumenical Temple
  6334 | Temple   | Became a worshipper of Cheibriados the Contemplative
  6334 | Temple   | Reached * piety under Cheibriados
  6334 | Temple   | Reached ** piety under Cheibriados
  6577 | D:8      | Noticed a two-headed ogre
  6587 | D:8      | Killed a two-headed ogre
  6587 | D:8      | Reached XP level 10. HP: 60/100 MP: 5/9
  6683 | D:8      | Reached skill level 1 in Invocations
  6721 | D:8      | Reached skill level 11 in Unarmed Combat
  7034 | D:8      | Found Qoklileq's Assorted Antiques.
  7329 | D:9      | Found a runed door.
  7464 | D:9      | Noticed a two-headed ogre
  7481 | D:9      | Killed a two-headed ogre
  7483 | D:9      | Reached *** piety under Cheibriados
  7632 | D:9      | Found Qisoaruck's Jewellery Boutique.
  7640 | D:9      | Bought a +2 amulet of reflection for 120 gold pieces
  7819 | D:9      | Noticed Maurice
  7834 | D:9      | Killed Maurice
  7953 | D:9      | You fall through a shaft for 2 floors!
  7971 | D:10     | Entered Level 10 of the Dungeon
  8138 | D:10     | Noticed a two-headed ogre
  8147 | D:10     | Killed a two-headed ogre
  8147 | D:10     | Reached XP level 11. HP: 73/109 MP: 13/13
  8196 | D:10     | Found Zugro's General Store.
  8407 | D:10     | Noticed a two-headed ogre
  8416 | D:10     | Killed a two-headed ogre
  8416 | D:10     | Reached **** piety under Cheibriados
  8416 | D:10     | Reached skill level 12 in Unarmed Combat
  8954 | D:11     | Reached skill level 5 in Invocations
  9139 | D:11     | Noticed a tengu warrior
  9145 | D:11     | Killed a tengu warrior
  9150 | D:11     | Noticed a five-headed hydra
  9156 | D:11     | Killed a five-headed hydra
  9241 | D:11     | Noticed an unseen horror
  9258 | D:11     | Killed an unseen horror
  9281 | D:11     | Learned a level 3 spell: Ozocubu's Armour
  9285 | D:11     | Learned a level 3 spell: Regeneration
  9500 | D:11     | Noticed a two-headed ogre
  9505 | D:11     | Killed a two-headed ogre
  9507 | D:11     | Noticed Harold
  9516 | D:11     | Killed Harold
  9516 | D:11     | Reached XP level 12. HP: 108/119 MP: 16/16
  9541 | D:11     | Found a staircase to the Lair.
  9702 | D:11     | Reached skill level 1 in Spellcasting
  9926 | D:11     | Found a staircase to the Orcish Mines.
 10012 | D:11     | Reached skill level 13 in Unarmed Combat
 10084 | D:12     | Reached ***** piety under Cheibriados
 10196 | D:12     | Noticed Nessos
 10201 | D:12     | Noticed Baril's ghost (journeyman DESu)
 10495 | D:12     | Killed Baril's ghost
 11161 | D:13     | Found Teno's Distillery.
 11161 | D:13     | Found Plog's Weapon Shop.
 11161 | D:13     | Found Hutaagej's Jewellery Emporium.
 11185 | D:13     | Noticed a six-headed hydra
 11194 | D:13     | HP: 4/122 [seven-headed hydra (13)]
 11194 | D:13     | Slain by a seven-headed hydra

Skill      XL: |  1  2  3  4  5  6  7  8  9 10 11 12 |
---------------+-------------------------------------+-----
Dodging        | 3 4 5 6 7 8 |  8.3
Unarmed Combat | 4 5 6 7 8 10 11 12 13 | 13.2
Fighting       | 3 4 5 6 7 8 |  8.4
Invocations    | 4 6 7 |  7.5
Spellcasting   | 2 |  2.2
Stealth        | |  1.0

Action                   |  1- 3 |  4- 6 |  7- 9 | 10-12 || total
-------------------------+-------+-------+-------+-------++-------
Melee: Unarmed           |   103 |   190 |   287 |   447 ||  1027
       Punch             |     3 |     2 |     8 |    36 ||    49
Invok: Bend Time         |       |       |     1 |     1 ||     2
       Slouch            |       |       |       |     4 ||     4
Evoke: Wand              |       |       |       |    11 ||    11
  Use: Scroll            |       |     5 |     5 |     5 ||    15
       Potion            |       |     1 |     1 |     1 ||     3
 Stab: Sleeping          |     3 |       |     1 |     6 ||    10
       Distracted        |       |       |     1 |       ||     1
  Eat: Chunk             |     6 |    12 |    32 |    20 ||    70
       Bread ration      |       |     1 |       |       ||     1
       Royal jelly       |       |     1 |       |       ||     1
       Fruit             |       |       |     7 |       ||     7
       Meat ration       |       |       |       |     2 ||     2
Armor: Robe              |    40 |    65 |    95 |    55 ||   255
       Troll leather arm |       |       |       |    42 ||    42
Dodge: Dodged            |    53 |   100 |   177 |   315 ||   645
Block: Other             |       |       |       |    16 ||    16
